[Event "Titled Tuesday Blitz April 25 Early 2023"]
[White "MaryanKyrychenko"]
[Black "Bryakin, Mikhail"]
[BlackFideId "4165314"]
[WhiteElo "2536"]
[BlackElo "2447"]
[Result "0-1"]
[Round "03"]
[TimeControl "180+2"]
[Date "2023.04.25"]
[WhiteClock "0:00:08"]
[BlackClock "0:00:24"]

1. e4 d6 2. d4 Nf6 3. Nc3 e5 4. dxe5 dxe5 5. Qxd8+ Kxd8 6. Bg5 c6 7. O-O-O+ Nd7 8. f4 Ke8 9. Nf3 Be7 10. fxe5 Ng4 11. e6 fxe6 12. Rd2 Bxg5 13. Nxg5 Nde5 14. Be2 h6 15. Nf3 Rf8 16. h3 Nxf3 17. gxf3 Ne5 18. h4 Bd7 19. Rg1 g6 20. Rg3 Ke7 21. Nd1 Rf4 22. Rh3 Raf8 23. Rg3 R8f6 24. Ne3 Rxh4 25. b3 g5 26. Rd1 Be8 27. Kb2 Bh5 28. Rf1 Rh2 29. Bd1 a5 30. Kc3 b5 31. Kd4 Kd6 32. a3 c5+ 33. Kc3 b4+ 34. axb4 axb4+ 35. Kb2 Ke7 36. Kc1 Rf8 37. Kb2 Rd8 38. Kc1 Ra8 39. Kb2 Rd8 40. Kc1 Rd4 41. Kb2 Nd3+ 42. Kb1 Nf4 43. Re1 Bg6 44. Ng4 Rh4 45. Ne5 Be8 46. Be2 Rh2 47. Bc4 Rdd2 48. Nd3 Rxc2 49. Nxc5 Rb2+ 50. Kc1 Rhc2+ 51. Kd1 Rc3 52. Rgg1 Bh5 53. Na4 Bxf3+ 0-1


[Site "https://www.chess.com"]

[Event "Titled Tuesday Blitz April 25 Early 2023"]
[White "Lehtosaari, Mauri"]
[Black "Starozhilov, Leonid"]
[WhiteFideId "501999"]
[BlackFideId "14106752"]
[WhiteElo "2528"]
[BlackElo "2352"]
[Result "1-0"]
[Round "03"]
[TimeControl "180+2"]
[Date "2023.04.25"]
[WhiteClock "0:00:21"]
[BlackClock "0:00:04"]

1. d4 Nf6 2. Nf3 g6 3. Bg5 Ne4 4. Bf4 Bg7 5. Nbd2 d5 6. e3 c5 7. c3 cxd4 8. exd4 Bg4 9. Qb3 Nxd2 10. Nxd2 Bc8 11. Bxb8 Rxb8 12. Bb5+ Kf8 13. O-O Bf6 14. Rfe1 Kg7 15. Nf3 Qd6 16. Ne5 Bf5 17. Rad1 h5 18. Bd3 Bxd3 19. Rxd3 e6 20. Rf3 Bxe5 21. dxe5 Qc5 22. Qa4 b5 23. Qf4 Qe7 24. a3 a5 25. h3 b4 26. cxb4 axb4 27. a4 b3 28. Ra1 Rb4 29. Qd2 Ra8 30. a5 Qc5 31. Qg5 Rb7 32. Qf6+ Kg8 33. g4 Rxa5 34. Rxa5 Qxa5 35. gxh5 Qe1+ 36. Kg2 gxh5 37. Rg3+ Kf8 38. Qd8# 1-0


[Site "https://www.chess.com"]

[Event "Titled Tuesday Blitz April 25 Early 2023"]
[White "Aradhya, Garg"]
[Black "Fontaine, Quentin"]
[WhiteFideId "25006746"]
[BlackFideId "230804"]
[WhiteElo "2263"]
[BlackElo "2237"]
[Result "1-0"]
[Round "03"]
[TimeControl "180+2"]
[Date "2023.04.25"]
[WhiteClock "0:00:32"]
[BlackClock "0:00:07"]

1. d4 Nf6 2. c4 e6 3. Nc3 Bb4 4. e3 O-O 5. Bd2 d5 6. Nf3 b6 7. Qc2 Bb7 8. cxd5 exd5 9. Bd3 a6 10. Ne5 Bd6 11. f4 c5 12. O-O Nc6 13. Be1 cxd4 14. Nxc6 Bxc6 15. Ne2 Bb5 16. Bxb5 axb5 17. Nxd4 Bc5 18. Bh4 Bxd4 19. exd4 Qd6 20. Qe2 b4 21. Qe5 Qxe5 22. fxe5 Ne4 23. Be7 Rfc8 24. Bxb4 Rc4 25. a3 Rxd4 26. Rac1 Rc4 27. b3 Rxc1 28. Rxc1 h5 29. Rc6 Rb8 30. Kf1 f6 31. e6 g5 32. Ke2 Kh7 33. Ke3 Kg6 34. Kd4 Kf5 35. e7 Re8 36. Rxb6 1-0


[Site "https://www.chess.com"]

[Event "Titled Tuesday Blitz April 25 Early 2023"]
[White "Torres Dominguez, David"]
[Black "Cherniaiev, Tykhon"]
[WhiteFideId "2220857"]
[BlackFideId "14182360"]
[WhiteElo "1999"]
[BlackElo "2450"]
[Result "0-1"]
[Round "03"]
[TimeControl "180+2"]
[Date "2023.04.25"]
[WhiteClock "0:00:14"]
[BlackClock "0:00:34"]

1. e4 e5 2. Bc4 Nf6 3. Nc3 Bc5 4. d3 d6 5. f4 Bg4 6. Nf3 Nc6 7. Na4 Bb6 8. Nxb6 axb6 9. h3 Bxf3 10. Qxf3 Nd4 11. Qf2 b5 12. Bb3 Nxb3 13. cxb3 c6 14. fxe5 dxe5 15. O-O h6 16. Qf3 Qd6 17. Kh1 Rd8 18. Be3 O-O 19. Rad1 Nh7 20. Qg3 Kh8 21. Rf3 Qe6 22. Rdf1 f6 23. Bc5 Rf7 24. Qf2 Rfd7 25. Qg3 Ng5 26. Re3 Qf7 27. Kg1 Ne6 28. Ref3 Nxc5 29. Qxe5 fxe5 30. Rxf7 Rxf7 31. Rxf7 Rxd3 32. Rf8+ Kh7 33. Re8 Rd1+ 34. Kh2 Nxe4 35. Rxe5 Nf6 36. Re7 Rd2 37. Rxb7 Rxb2 38. Ra7 Nd5 39. a4 Rxb3 40. a5 Ra3 41. Ra8 b4 42. a6 Nc7 43. Rc8 Nxa6 44. Rxc6 b3 45. Rb6 Nc5 46. Rb5 Na4 47. Rb4 b2 48. h4 Ra1 0-1


[Site "https://www.chess.com"]

[Event "Titled Tuesday Blitz April 25 Early 2023"]
[White "Goldin, Roman"]
[Black "Sarana, Alexey"]
[WhiteFideId "2803860"]
[BlackFideId "24133795"]
[WhiteElo "2312"]
[BlackElo "2714"]
[Result "0-1"]
[Round "03"]
[TimeControl "180+2"]
[Date "2023.04.25"]
[WhiteClock "0:00:01"]
[BlackClock "0:00:09"]

1. e4 c5 2. Nf3 d6 3. Bc4 Nf6 4. e5 dxe5 5. Nxe5 e6 6. Qe2 a6 7. a4 Bd6 8. f4 O-O 9. d3 Bd7 10. Nd2 Nc6 11. Ndf3 Qc7 12. O-O Rae8 13. Bd2 Nd5 14. Rae1 Nd4 15. Nxd4 cxd4 16. a5 Bb5 17. Bb3 Ne3 18. Bxe3 dxe3 19. Qxe3 Bc5 20. d4 Bxf1 21. Rxf1 Ba7 22. c3 Kh8 23. f5 Qe7 24. fxe6 fxe6 25. Rxf8+ Rxf8 26. Ng6+ hxg6 27. Qh3+ Kg8 28. Bxe6+ Rf7 29. Bxf7+ Kxf7 30. Qf3+ Ke8 31. g3 Bb8 32. Qd5 Bd6 33. Qg8+ Kd7 34. Qd5 Kc7 35. c4 Qe1+ 36. Kg2 Qe2+ 37. Kh3 Qf1+ 38. Kg4 Qe2+ 39. Kh3 Be7 40. Qf7 Kd7 41. Qxg6 Qxc4 42. Qf5+ Qe6 0-1


[Site "https://www.chess.com"]

[Event "Titled Tuesday Blitz April 25 Early 2023"]
[White "Risteski, Emil"]
[Black "Kollars, Dmitrij"]
[WhiteFideId "15005267"]
[BlackFideId "12909572"]
[WhiteElo "2251"]
[BlackElo "2584"]
[Result "1-0"]
[Round "03"]
[TimeControl "180+2"]
[Date "2023.04.25"]
[WhiteClock "0:00:03"]
[BlackClock "0:00:11"]

1. c4 e5 2. Nc3 Bb4 3. Qb3 Nc6 4. a3 Bxc3 5. Qxc3 Nf6 6. d3 d5 7. cxd5 Nxd5 8. Qc2 O-O 9. Nf3 Bg4 10. e3 Bxf3 11. gxf3 Qh4 12. Qc4 Qxc4 13. dxc4 Nb6 14. b4 a5 15. b5 Nd8 16. Bb2 f6 17. O-O-O Ne6 18. Kc2 Nc5 19. Be2 Kf7 20. Rd2 Rad8 21. Rxd8 Rxd8 22. Bc3 Ra8 23. Rd1 Ke7 24. Rg1 g6 25. h4 Kf7 26. Rd1 Nc8 27. f4 exf4 28. exf4 Nd6 29. Bf3 Kg7 30. Re1 Nf5 31. h5 Rd8 32. Bd5 b6 33. hxg6 hxg6 34. Rh1 Ne7 35. Bf3 Ne6 36. Re1 Kf7 37. a4 Nxf4 38. c5 Ned5 39. Bxd5+ Nxd5 40. c6 Rh8 41. Rd1 Rh5 42. Rd3 Rf5 43. Rd2 Ke6 44. Re2+ Kd6 45. Bb2 Kc5 46. Ba3+ Kc4 47. Re4# 1-0


[Site "https://www.chess.com"]

[Event "Titled Tuesday Blitz April 25 Early 2023"]
[White "Mortazavi, Ali"]
[Black "Eljanov, Pavel"]
[WhiteFideId "401323"]
[BlackFideId "14102951"]
[WhiteElo "2339"]
[BlackElo "2598"]
[Result "0-1"]
[Round "03"]
[TimeControl "180+2"]
[Date "2023.04.25"]
[WhiteClock "0:00:01"]
[BlackClock "0:00:19"]

1. Nf3 d5 2. g3 Nc6 3. Bg2 e5 4. d3 g6 5. O-O Bg7 6. Nbd2 Nge7 7. e4 O-O 8. a4 h6 9. a5 a6 10. exd5 Nxd5 11. Nc4 Re8 12. Re1 Bf5 13. Nh4 Be6 14. Nf3 f6 15. c3 Bf7 16. h4 f5 17. Bd2 Re7 18. Qc1 Qf8 19. h5 g5 20. Nxg5 hxg5 21. Bxg5 Ree8 22. h6 Bh8 23. Ra4 Kh7 24. Nd2 Qg8 25. Nf3 Qg6 26. Nh4 Qe6 27. Nxf5 Nde7 28. Nh4 Bf6 29. Be4+ Kh8 30. Nf3 Rg8 31. Kg2 Raf8 32. Rh1 Bxg5 33. Nxg5 Qf6 34. Nh7 Qd6 35. Nxf8 Rxf8 36. Qg5 Rg8 37. Qh4 Bd5 38. Qh5 Rf8 0-1


[Site "https://www.chess.com"]

[Event "Titled Tuesday Blitz April 25 Early 2023"]
[White "Arpita, Mukherjee"]
[Black "Grigoriants, Sergey"]
[WhiteFideId "5056403"]
[BlackFideId "4130804"]
[WhiteElo "2129"]
[BlackElo "2502"]
[Result "0-1"]
[Round "03"]
[TimeControl "180+2"]
[Date "2023.04.25"]
[WhiteClock "0:00:01"]
[BlackClock "0:00:21"]

1. e4 c6 2. d4 d5 3. e5 Bf5 4. Nf3 e6 5. Be2 Ne7 6. O-O c5 7. dxc5 Nec6 8. Nd4 Bg6 9. Nb3 Nd7 10. f4 Nxc5 11. Be3 Na4 12. Qc1 Be7 13. c3 O-O 14. N1d2 Rc8 15. Nf3 a6 16. Qd2 b5 17. Rad1 Qc7 18. Nfd4 Be4 19. Bd3 Bxd3 20. Qxd3 Nxb2 21. Qe2 Nxd1 22. Rxd1 Nxd4 23. Bxd4 b4 24. cxb4 Bxb4 25. f5 Qc2 26. Qh5 Qxf5 27. Qxf5 exf5 28. Bb6 Rc6 29. Be3 Rc2 30. Rxd5 Rxa2 31. Rd7 Ra3 32. Rd3 a5 33. Nc1 Rxd3 34. Nxd3 Rd8 0-1


[Site "https://www.chess.com"]

[Event "Titled Tuesday Blitz April 25 Early 2023"]
[White "Lenderman, Aleksandr"]
[Black "Lorenzo De La Riva, Lazaro"]
[WhiteFideId "2021285"]
[BlackFideId "2268809"]
[WhiteElo "2607"]
[BlackElo "2294"]
[Result "1-0"]
[Round "03"]
[TimeControl "180+2"]
[Date "2023.04.25"]
[WhiteClock "0:02:07"]
[BlackClock "0:01:28"]

1. Nf3 Nf6 2. c4 g6 3. b3 Bg7 4. Bb2 O-O 5. g3 c6 6. Bg2 d5 7. O-O a5 8. Nc3 Re8 9. d4 Bf5 10. Ne5 Ne4 11. Nxe4 Bxe4 12. f3 Bf5 13. e4 dxe4 14. fxe4 Bxe5 15. exf5 Bf6 16. fxg6 hxg6 17. Qd2 Kg7 18. d5 cxd5 19. Bxd5 Nd7 20. g4 Qb6+ 21. Kh1 Bxb2 22. Rxf7+ Kg8 23. Qh6 1-0


[Site "https://www.chess.com"]

[Event "Titled Tuesday Blitz April 25 Early 2023"]
[White "Henriquez Villagra, Cristobal"]
[Black "Principe, Gerson"]
[WhiteFideId "3409350"]
[BlackFideId "3804550"]
[WhiteElo "2542"]
[BlackElo "2229"]
[Result "1-0"]
[Round "03"]
[TimeControl "180+2"]
[Date "2023.04.25"]
[WhiteClock "0:00:25"]
[BlackClock "0:00:05"]

1. g3 d5 2. Bg2 Nf6 3. d3 e6 4. f4 Be7 5. Nf3 O-O 6. O-O c5 7. Qe1 Nc6 8. e4 b5 9. a4 b4 10. e5 Nd7 11. Nbd2 Ba6 12. b3 Na5 13. Rf2 Rc8 14. Bh3 g6 15. Ng5 c4 16. d4 cxb3 17. cxb3 Qb6 18. Bb2 Rc2 19. Ndf3 Rfc8 20. g4 Nxb3 21. Rd1 h6 22. Nxf7 Kxf7 23. f5 Kg8 24. fxg6 Nf8 25. Qe3 Rxf2 26. Kxf2 Rc2+ 27. Kg3 Bg5 28. Qxb3 Qc7 29. Bf1 Bxf1 30. Rxf1 Nxg6 31. h4 Bf4+ 32. Kh3 Qe7 33. Qxc2 1-0


[Site "https://www.chess.com"]

[Event "Titled Tuesday Blitz April 25 Early 2023"]
[White "demon64fields"]
[Black "Padmini, Rout"]
[BlackFideId "5029295"]
[WhiteElo "2877"]
[BlackElo "2314"]
[Result "1-0"]
[Round "03"]
[TimeControl "180+2"]
[Date "2023.04.25"]
[WhiteClock "0:00:44"]
[BlackClock "0:00:04"]

1. Nf3 c5 2. g3 Nc6 3. Bg2 e5 4. c4 Nf6 5. O-O g6 6. Nc3 Bg7 7. d3 O-O 8. Ne1 d6 9. Nc2 Be6 10. Bg5 Qd7 11. Bxf6 Bxf6 12. Ne3 Bh3 13. Ned5 Bd8 14. a3 Bxg2 15. Kxg2 f5 16. e3 Kh8 17. b4 cxb4 18. axb4 Bf6 19. Qa4 Bg7 20. b5 Ne7 21. b6 Nc6 22. Nb5 a6 23. Nbc7 Rad8 24. f4 exf4 25. gxf4 Bxa1 26. Qxa1+ Qg7 27. Ne6 Qxa1 28. Rxa1 Rfe8 29. Nxd8 Nxd8 30. Kf3 Ne6 31. h4 Nc5 32. Ra3 Kg7 33. Nc7 Re7 34. d4 Ne4 35. Ke2 Kh6 36. Rb3 Kh5 37. Nxa6 Kxh4 38. c5 dxc5 39. Nxc5 Nd6 40. Nd3 Kg3 41. Ne5 h5 42. Rb1 h4 43. Rg1+ Kh3 44. Rh1+ Kg3 45. Rxh4 Nc4 46. Rh6 Nxe5 47. dxe5 Re6 48. Kd3 Rxb6 49. Kd4 Kf3 50. Kd5 Rb5+ 51. Kd6 Kxe3 52. e6 Rb6+ 53. Kd7 Rb4 54. e7 Rd4+ 55. Ke8 Kxf4 56. Rxg6 Re4 57. Kf7 Rxe7+ 58. Kxe7 Ke5 59. Re6+ Kd5 60. Kf6 b5 61. Kxf5 b4 62. Rb6 Kc4 63. Ke4 b3 64. Rc6+ Kb4 65. Kd3 Ka3 66. Kc3 b2 67. Ra6# 1-0


[Site "https://www.chess.com"]

[Event "Titled Tuesday Blitz April 25 Early 2023"]
[White "Costachi, Mihnea"]
[Black "Sonnenschein, Philipp"]
[WhiteFideId "1217518"]
[BlackFideId "16250877"]
[WhiteElo "2456"]
[BlackElo "2224"]
[Result "0-1"]
[Round "03"]
[TimeControl "180+2"]
[Date "2023.04.25"]
[WhiteClock "0:00:55"]
[BlackClock "0:00:16"]

1. Nc3 d5 2. d4 Nf6 3. Bf4 c5 4. e3 cxd4 5. exd4 Bg4 6. Nf3 Nc6 7. Be2 e6 8. O-O Bd6 9. Bg5 h6 10. Bh4 O-O 11. h3 Bh5 12. Re1 Rc8 13. Nd2 Bg6 14. Nb3 Bb8 15. Bd3 Bxd3 16. Qxd3 Qd6 17. Bg3 Qb4 18. Bxb8 Rxb8 19. Re3 a5 20. Rg3 a4 21. a3 Qc4 22. Qxc4 dxc4 23. Nc5 Nxd4 24. Rd1 Rfd8 25. Kh2 b5 26. Rc1 Nf5 27. Rf3 Rd2 28. N5e4 Nxe4 29. Nxe4 Rd4 30. Nc3 Nd6 31. Re3 Rd8 32. Re5 Rb8 33. Kg1 Kf8 34. g4 Ke7 35. Kg2 f6 36. Re2 Kd7 37. Rce1 e5 38. f3 Nf7 39. h4 Nd8 40. Ne4 Ne6 41. c3 Nf4+ 42. Kf2 Nxe2 43. cxd4 Nxd4 44. g5 hxg5 45. hxg5 f5 46. Nc3 Ke6 47. Rh1 b4 48. Nxa4 bxa3 49. bxa3 Rb3 50. Nc5+ Kd5 51. Nxb3 cxb3 52. Ke3 Nc2+ 53. Kd3 Nxa3 54. Kc3 Nc4 55. Kxb3 Nd2+ 56. Kc3 Nxf3 57. g6 Ke6 58. Kc4 Kf6 59. Kd5 e4 60. Rf1 Kxg6 61. Ke6 Kg5 62. Ra1 Kf4 63. Kd5 g5 64. Kc4 g4 65. Kc3 g3 66. Kc2 g2 67. Rd1 g1=Q 68. Rxg1 Nxg1 0-1


[Site "https://www.chess.com"]

[Event "Titled Tuesday Blitz April 25 Early 2023"]
[White "Grigorov, Grigor"]
[Black "Vestby-Ellingsen, Mads"]
[WhiteFideId "2907313"]
[BlackFideId "1520857"]
[WhiteElo "2510"]
[BlackElo "2246"]
[Result "1-0"]
[Round "03"]
[TimeControl "180+2"]
[Date "2023.04.25"]
[WhiteClock "0:00:13"]
[BlackClock "0:00:02"]

1. d4 d5 2. c4 e6 3. Nf3 Bb4+ 4. Bd2 a5 5. g3 Nf6 6. Bg2 O-O 7. O-O Nbd7 8. Qc2 c5 9. Rd1 b6 10. Bg5 cxd4 11. Nxd4 Bb7 12. cxd5 exd5 13. a3 Bc5 14. Nc3 h6 15. Bxf6 Nxf6 16. e3 Rc8 17. Qf5 g6 18. Qd3 Qe7 19. Rd2 Rfd8 20. Rc1 Ng4 21. Qe2 Nf6 22. Qd1 h5 23. Bh3 Rb8 24. Nb3 Bd6 25. Bg2 Be5 26. Rcc2 Rbc8 27. Nd4 h4 28. Bf3 Kg7 29. Nce2 hxg3 30. hxg3 Rc5 31. Nf4 Rdc8 32. Nd3 Rxc2 33. Rxc2 Rxc2 34. Qxc2 Bd6 35. Kg2 Ne4 36. Bxe4 Qxe4+ 37. Kg1 Qe7 38. Qc3 Kg8 39. Nf4 Be5 40. Kg2 Qc5 41. Qd2 Kg7 42. Nd3 Qd6 43. Nxe5 Qxe5 44. Qc3 Kg8 45. Kg1 g5 46. b4 axb4 47. Qxb4 Qf6 48. Qc3 Ba6 49. Qc7 Bc4 50. Qc8+ Kg7 51. Nf5+ Kg6 52. g4 1-0


[Site "https://www.chess.com"]

[Event "Titled Tuesday Blitz April 25 Early 2023"]
[White "Bacrot, Etienne"]
[Black "Rodchenkov, Sergey D."]
[WhiteFideId "605506"]
[BlackFideId "4168712"]
[WhiteElo "2663"]
[BlackElo "2277"]
[Result "1-0"]
[Round "03"]
[TimeControl "180+2"]
[Date "2023.04.25"]
[WhiteClock "0:00:14"]
[BlackClock "0:00:09"]

1. e4 c5 2. Nf3 d6 3. Bb5+ Nd7 4. c3 a6 5. Ba4 Nf6 6. Bc2 b5 7. d4 e6 8. O-O Bb7 9. Re1 Be7 10. Nbd2 O-O 11. Nf1 Rc8 12. Ng3 b4 13. Bd3 Qa5 14. Bd2 Rfd8 15. d5 exd5 16. exd5 Bf8 17. c4 Qc7 18. a3 a5 19. axb4 axb4 20. Nf5 Re8 21. Qc2 g6 22. Nh6+ Kg7 23. b3 Ne5 24. Nxe5 dxe5 25. Qb2 Bd6 26. Bg5 Nh5 27. g4 f6 28. gxh5 fxg5 29. Ng4 gxh5 30. Ne3 Kg8 31. Be4 Ra8 32. Qc2 Rxa1 33. Rxa1 Bc8 34. Ra8 Rf8 35. Qd1 g4 36. Qc2 Kh8 37. Bf5 Bxf5 38. Rxf8+ Bxf8 39. Qxf5 Qe7 40. Qxh5 Bg7 41. Qxg4 e4 42. Nf5 Qe5 43. Qxg7+ Qxg7+ 44. Nxg7 Kxg7 45. Kf1 Kf6 46. Ke2 Ke5 47. Ke3 h5 48. h4 Kf5 49. d6 Ke6 50. Kxe4 Kxd6 51. Kf5 Ke7 52. f4 1-0


[Site "https://www.chess.com"]

[Event "Titled Tuesday Blitz April 25 Early 2023"]
[White "Shvedova, Alexandra"]
[Black "Kukhmazov, Arsen"]
[WhiteFideId "54154782"]
[BlackFideId "24108260"]
[WhiteElo "2057"]
[BlackElo "2396"]
[Result "0-1"]
[Round "03"]
[TimeControl "180+2"]
[Date "2023.04.25"]
[WhiteClock "0:00:03"]
[BlackClock "0:00:08"]

1. e4 e5 2. Nf3 Nc6 3. Bc4 Bc5 4. O-O Nf6 5. d3 d6 6. a4 a5 7. c3 h6 8. Nbd2 O-O 9. h3 Be6 10. Bb3 d5 11. exd5 Bxd5 12. Re1 Re8 13. Bxd5 Qxd5 14. Ne4 Be7 15. Qc2 Rad8 16. Re3 Qe6 17. Re1 Nd5 18. Ng3 Qf6 19. Be3 Qg6 20. Rad1 f5 21. Bc1 Bc5 22. d4 exd4 23. Rxe8+ Rxe8 24. cxd4 Bb6 25. Qxf5 Qxf5 26. Nxf5 Re2 27. Kf1 Rc2 28. Ne3 Nxe3+ 29. fxe3 Rc4 30. b3 Rc3 31. Nd2 Rxe3 32. d5 Nd8 33. Bb2 Bc5 34. Nc4 Rxb3 35. Bd4 Bxd4 36. Rxd4 Rb4 37. d6 cxd6 38. Rxd6 Nf7 39. Rd4 Kh7 40. Rg4 h5 41. Rh4 g5 42. Re4 Kg7 43. Nd2 Rxe4 44. Nxe4 Kg6 45. Ke2 Kf5 46. Nc5 Nd6 47. Ke3 Ke5 48. Nd7+ Ke6 49. Nc5+ Kd5 50. Nd7 Nc4+ 51. Kf3 Ne5+ 52. Nxe5 Kxe5 53. g4 h4 0-1


[Site "https://www.chess.com"]

[Event "Titled Tuesday Blitz April 25 Early 2023"]
[White "Pauly, Carlo"]
[Black "Bacallao Alonso, Yusnel"]
[WhiteFideId "24673269"]
[BlackFideId "3507416"]
[WhiteElo "2254"]
[BlackElo "2561"]
[Result "0-1"]
[Round "03"]
[TimeControl "180+2"]
[Date "2023.04.25"]
[WhiteClock "0:00:15"]
[BlackClock "0:00:09"]

1. d4 d5 2. c4 e6 3. Nc3 a6 4. cxd5 exd5 5. Nf3 c6 6. Bg5 Be7 7. h4 Bf5 8. e3 Nd7 9. Be2 Ngf6 10. Qb3 Qb6 11. Qxb6 Nxb6 12. Ne5 h6 13. Bf4 Bb4 14. a3 Be7 15. f3 Nfd7 16. g4 Bh7 17. Kf2 Nxe5 18. Bxe5 f6 19. Bf4 a5 20. b3 Kf7 21. Bc7 Nd7 22. a4 Rac8 23. Bf4 g5 24. Bg3 Bg6 25. f4 gxf4 26. Bxf4 h5 27. Rag1 hxg4 28. Bxg4 f5 29. h5 fxg4 30. hxg6+ Kxg6 31. Rxg4+ Kf7 32. Rhg1 Rh7 33. e4 Bb4 34. Na2 Nf6 35. Rg6 Nxe4+ 36. Kf3 Be7 37. R6g2 Bf6 38. Be5 Rh3+ 39. Kf4 Rh4+ 40. Kf5 Rh5+ 41. Kf4 Bxe5+ 42. dxe5 Rf8 43. Rg7+ Ke6+ 44. Ke3 Kxe5 45. Rxb7 Rh3+ 46. Ke2 Rf2+ 47. Kd1 Rxa2 0-1


[Site "https://www.chess.com"]

[Event "Titled Tuesday Blitz April 25 Early 2023"]
[White "Tokman, Ariel"]
[Black "Molina, Roberto Junio Brito"]
[WhiteFideId "117420"]
[BlackFideId "2109450"]
[WhiteElo "2263"]
[BlackElo "2376"]
[Result "0-1"]
[Round "03"]
[TimeControl "180+2"]
[Date "2023.04.25"]
[WhiteClock "0:00:09"]
[BlackClock "0:01:06"]

1. e4 c6 2. Nf3 d5 3. Nc3 dxe4 4. Nxe4 Bg4 5. Be2 Nd7 6. O-O Ngf6 7. Nxf6+ Nxf6 8. b3 e6 9. Bb2 Bd6 10. Re1 Qc7 11. h3 Bh5 12. d4 O-O 13. Ne5 Bxe2 14. Qxe2 Rfe8 15. a4 Nd5 16. Nc4 Bb4 17. Red1 Bc3 18. Qf3 Bxb2 19. Nxb2 Rad8 20. Nc4 Qf4 21. Qxf4 Nxf4 22. Kf1 g5 23. a5 f6 24. Ne3 Rd7 25. c3 Red8 26. Re1 Kf7 27. g3 Nd5 28. Rac1 h5 29. Kg2 Rc8 30. b4 Ne7 31. Kf3 Rcd8 32. Nc4 Nd5 33. Ne3 b6 34. Nc4 Rc8 35. Red1 Ke7 36. Re1 c5 37. dxc5 bxc5 38. b5 Rb8 39. Na3 e5 40. Red1 Rbd8 41. c4 e4+ 42. Kg2 Ne3+ 0-1


[Site "https://www.chess.com"]

[Event "Titled Tuesday Blitz April 25 Early 2023"]
[White "Dushyant Sharma"]
[Black "Vakhlamov, Igor L."]
[WhiteFideId "25065130"]
[BlackFideId "24126748"]
[WhiteElo "2198"]
[BlackElo "2400"]
[Result "0-1"]
[Round "03"]
[TimeControl "180+2"]
[Date "2023.04.25"]
[WhiteClock "0:01:20"]
[BlackClock "0:00:56"]

1. e4 c5 2. Nf3 e6 3. d4 cxd4 4. Nxd4 Nf6 5. Nc3 Nc6 6. f4 Bb4 7. Nxc6 bxc6 8. Bd3 d5 9. e5 Nd7 10. O-O O-O 11. Kh1 Bb7 12. f5 exf5 13. Bxf5 Nxe5 14. Bxh7+ Kxh7 15. Qh5+ Kg8 16. Qxe5 Bd6 17. Qh5 Qe7 18. Bg5 f6 19. Bf4 Bc5 20. Rae1 Qf7 21. Qf5 Rae8 22. Ne4 Bc8 23. Qxc8 Rxc8 24. Nxc5 Rfe8 25. Rd1 Re2 26. b4 Rxc2 27. a3 Re8 28. Rde1 Rxe1 29. Rxe1 Qg6 30. Bg3 Rc3 31. a4 Rc4 32. Na6 f5 33. Nc7 f4 34. Bf2 Rc2 35. Kg1 f3 36. g3 Qf5 37. Ne6 Re2 38. Rxe2 fxe2 39. Nd4 Qb1+ 40. Kg2 e1=Q 0-1


[Site "https://www.chess.com"]

[Event "Titled Tuesday Blitz April 25 Early 2023"]
[White "Rozen, Eytan"]
[Black "Girsh, Daniel"]
[WhiteFideId "2816750"]
[BlackFideId "30949190"]
[WhiteElo "2451"]
[BlackElo "2075"]
[Result "1-0"]
[Round "03"]
[TimeControl "180+2"]
[Date "2023.04.25"]
[WhiteClock "0:00:11"]
[BlackClock "0:00:19"]

1. e4 c5 2. Nf3 d6 3. c3 Nf6 4. h3 Nbd7 5. Bd3 g6 6. O-O Bg7 7. Bc2 c4 8. d4 cxd3 9. Bxd3 O-O 10. Re1 Qc7 11. Bf4 Nc5 12. Bc2 e5 13. Bg5 Be6 14. Nbd2 h6 15. Bxf6 Bxf6 16. Nf1 Bg7 17. Ne3 Rad8 18. Nd5 Qb8 19. b4 Na6 20. Bb3 Kh7 21. a4 Nc7 22. a5 a6 23. c4 f5 24. Nd2 f4 25. Rc1 Rf7 26. Nf3 Ne8 27. c5 dxc5 28. bxc5 Nc7 29. Rc2 Nb5 30. Rd2 Nd4 31. Nxd4 exd4 32. Rxd4 f3 33. g3 Bxh3 34. Nf6+ Bxf6 35. Rxd8 Bxd8 36. Bxf7 Bg2 37. Qd7 Qe5 38. Qxd8 Kg7 39. Qg8+ Kf6 40. Qh8+ Kxf7 41. Qxe5 h5 42. Rd1 g5 43. Rd7+ Kg6 44. Qe6# 1-0


[Site "https://www.chess.com"]

[Event "Titled Tuesday Blitz April 25 Early 2023"]
[White "Goltsev, Dmitry"]
[Black "Arencibia Monduy, Antonio"]
[WhiteFideId "24176710"]
[BlackFideId "3507939"]
[WhiteElo "2336"]
[BlackElo "2504"]
[Result "1-0"]
[Round "03"]
[TimeControl "180+2"]
[Date "2023.04.25"]
[WhiteClock "0:00:42"]
[BlackClock "0:00:01"]

1. e4 e6 2. d4 d5 3. exd5 exd5 4. Nf3 Bd6 5. c4 c6 6. Nc3 Ne7 7. Bd3 dxc4 8. Bxc4 O-O 9. O-O Bg4 10. Bg5 Kh8 11. h3 Bh5 12. Re1 f6 13. Bh4 Nf5 14. g4 Nxh4 15. Nxh4 Bf7 16. Bxf7 Rxf7 17. Qb3 Rd7 18. Re6 Na6 19. Rae1 Bf8 20. d5 Nc5 21. Qc2 Nxe6 22. dxe6 Rd2 23. Qf5 Be7 24. Qh5 Qe8 25. Qf7 Bc5 26. Ne4 Qb8 27. Nxc5 Qf4 28. Ne4 Rd4 29. e7 h5 30. e8=Q+ 1-0


[Site "https://www.chess.com"]

[Event "Titled Tuesday Blitz April 25 Early 2023"]
[White "Ljukin, Sergei"]
[Black "Rustemov, Alexander"]
[WhiteFideId "14102200"]
[BlackFideId "4119002"]
[WhiteElo "2312"]
[BlackElo "2787"]
[Result "0-1"]
[Round "03"]
[TimeControl "180+2"]
[Date "2023.04.25"]
[WhiteClock "0:00:42"]
[BlackClock "0:01:15"]

1. e4 e6 2. d4 d5 3. Nc3 dxe4 4. Nxe4 Bd7 5. c4 Bb4+ 6. Nc3 c5 7. d5 exd5 8. cxd5 Nf6 9. Nf3 O-O 10. Be2 Bf5 11. d6 Ne4 12. O-O Bxc3 13. bxc3 Nxc3 14. Qd2 Nxe2+ 15. Qxe2 Qxd6 16. Bg5 Nc6 17. h3 b6 18. Rad1 Qe6 19. Qb5 Nb4 20. Rfe1 Qc6 21. Qc4 Be6 22. Qh4 f6 23. Bd2 Nxa2 24. Re3 Rfe8 25. Rde1 Bf7 26. Rxe8+ Rxe8 27. Rxe8+ Qxe8 28. g4 Qe4 29. Qg3 h6 30. Nh4 Bd5 31. f3 Qd4+ 0-1


[Site "https://www.chess.com"]

[Event "Titled Tuesday Blitz April 25 Early 2023"]
[White "The_Sherman_Variation"]
[Black "Ashraf, Artin"]
[BlackFideId "22514805"]
[WhiteElo "2500"]
[BlackElo "2188"]
[Result "1-0"]
[Round "03"]
[TimeControl "180+2"]
[Date "2023.04.25"]
[WhiteClock "0:00:28"]
[BlackClock "0:00:06"]

1. Nf3 Nf6 2. g3 c5 3. Bg2 Nc6 4. O-O e5 5. d3 d5 6. e4 d4 7. Na3 Be7 8. Nc4 Qc7 9. a4 Bg4 10. h3 Bh5 11. g4 Bg6 12. Nh2 Nd7 13. f4 f6 14. b3 b6 15. g5 O-O-O 16. f5 Bf7 17. Nf3 Bh5 18. Qe1 Bxf3 19. Bxf3 fxg5 20. Bd2 a6 21. Qg3 h6 22. Bh5 Nf6 23. Bf7 Kb7 24. Rfb1 Bd6 25. Be6 Rde8 26. b4 cxb4 27. a5 b5 28. Nb6 Nxa5 29. Nd5 Qxc2 30. Bxb4 Bxb4 31. Nxb4 Qc7 32. Qe1 Ra8 33. Nd5 Nxd5 34. Bxd5+ Nc6 35. Rc1 Rhc8 36. Rxc6 Qxc6 37. Bxc6+ Rxc6 38. Qb4 Re8 39. Ra2 Rc1+ 40. Kg2 Rc6 41. Qb3 Re7 42. Qd5 Kc7 43. Kg3 Rd6 44. Qa8 Kd7 45. Rxa6 Rxa6 46. Qxa6 b4 47. Qb5+ Kd8 48. Qxb4 Ke8 49. Qc5 Kf7 50. Kg4 Kf6 51. Qd6+ Kf7 52. Kh5 Re8 53. Qd5+ Kf6 54. Qc6+ Kf7 55. Qg6+ Kf8 56. f6 1-0


[Site "https://www.chess.com"]